 Dungeon Crawl Stone Soup version 0.21-a0-576-ge8bd8812df (webtiles) character file.

0 Banto the Skirmisher (level 1, -4/19 HPs)
             Began as a Demigod Wanderer on Dec 18, 2017.
             Slain by a gnoll
             ... wielding a +0 spear
              (8 damage)
             ... on level 1 of the Dungeon.
             The game lasted 00:00:11 (94 turns).

Banto the Skirmisher (Demigod Wanderer)               Turns: 94, Time: 00:00:11

Health: -4/19      AC:  2    Str: 13    XL:     1   Next: 6%
Magic:  3/3        EV: 11    Int: 19    God:
Gold:   0          SH:  0    Dex: 14    Spells: 0/0 levels left

rFire    . . .     SeeInvis .   a - +2 falchion
rCold    . . .     Gourm    .   (no shield)
rNeg     . . .     Faith    .   d - +0 robe
rPois    .         Spirit   .   (no helmet)
rElec    .         Reflect  .   (no cloak)
rCorr    .         Harm     .   (no gloves)
MR       .....                  (no boots)
Stlth    ++........             (no amulet)
HPRegen  0.06/turn              (no ring)
MPRegen  0.08/turn              (no ring)

@: no status effects
A: high mp 1
a: no special abilities


You were on level 1 of the Dungeon.
You were not hungry.

You visited 1 branch of the dungeon, and saw 1 of its levels.

Inventory:

Hand Weapons
 a - a +2 falchion (weapon)
Armour
 d - a +0 robe (worn)
Potions
 b - a potion of lignification
 c - a potion of curing
 e - a potion of berserk rage {unknown}
Comestibles
 f - 3 rations


   Skills:
 + Level 3.6 Fighting
 + Level 1.7 Long Blades
   Level 1.0 Axes
 + Level 1.0 Armour
 + Level 1.0 Stealth
   Level 1.0 Shields


You couldn't memorise any spells.
You didn't know any spells.

Dungeon Overview and Level Annotations

Branches:
Dungeon (1/15)


Innate Abilities, Weirdness & Mutations

You have an increased reservoir of magic. (+10% MP)


Message History

A dart slug is nearby!
A dart slug is nearby!
A dart slug is nearby!
A gnoll comes into view. It is wielding a spear.
A jackal comes into view.
Found 10 poisoned needles.
Found an escape hatch in the floor.
The gnoll misses you.
You closely miss the gnoll. The gnoll hits you with a spear!
You take 7 damage, and have 12/19 hp.
MASSIVE DAMAGE!!
The gnoll closely misses you. The dart slug launches a dart at you.
The slug dart misses you. The gnoll hits you with a spear!
* * * LOW HITPOINT WARNING * * *
The jackal barely misses you.
You take 9 damage, and have 4/19 hp.
MASSIVE DAMAGE!!
You hit the gnoll.
The gnoll is moderately wounded.
The jackal closely misses you. The gnoll hits you with a spear!
You die...

##.#w#.#####
#..##....# #...
#.#..h..h.##
#.#####..####.##
#..##.###g.###
#.# #..##.(..#
##. #.# ##.h.#
#.# #..##....#
#. #.# ###g#
##.# #........#
##.#.# #.# #..#
#......... #.#
#.###.##
#..##..... #.#
#..h#.#
#..##....# #.#
###g@.#
#..##....# #.#
##..# #..##....#
#..# #..###.###
#..# #..# #.#
#.## #..# #.#
... #... ... ...
... ... .....
#####


You could see a gnoll and a jackal.

Vanquished Creatures
  A bat (D:1)
1 creature vanquished.

Notes
Turn   | Place    | Note
-------+----------+-------------------------------------------
     0 | D:1      | Banto the Demigod Wanderer began the quest for the Orb.
     0 | D:1      | Banto set off with: a +2 falchion, a potion of lignification, a potion of curing, a +0 robe, a ration
     0 | D:1      | Reached XP level 1. HP: 19/19 MP: 3/3
    94 | D:1      | Slain by a gnoll

Vault maps used:
D:1:      dpeg_arrival_boxes_within_box, bh_walls_and_bars

Action                   || total
-------------------------++-------
Melee: Falchion          ||     3
Dodge: Dodged            ||     6
       Rpst.: Falchion   ||     1

Table legend:
 A = Spawn XP
 B = Non-spawn XP
 C = Spawn XP percentage of total XP
 D = Spawn monster count
 E = Non-spawn monster count
 F = Spawn count percentage of total count
 G = Total turns spent on level
                    A         B        C        D         E        F      G
               +---------+---------+-------+---------+---------+-------+---------
         Total |       0 |       1 |   0.0 |       0 |       1 |   0.0 |    94
               +---------+---------+-------+---------+---------+-------+---------
           D:1 |       0 |       1 |   0.0 |       0 |       1 |   0.0 |    94
               +---------+---------+-------+---------+---------+-------+---------

Table legend:
 A = Turns spent in this place as a percentage of turns spent in the entire game.
 B = Non-inter-level travel turns spent in this place as a percentage of non-inter-level travel turns spent in the entire game.
 C = Inter-level travel turns spent in this place as a percentage of turns spent in this place.
 D = Turns resting spent in this place as a percentage of non-inter-level travel turns spent in this place.
 E = Turns spent auto-exploring this place as a percentage of non-inter-level travel turns spent in this place.
 F = Non-inter-level travel turns spent in this place divided by the number of levels of this place that you've seen.
                   A       B       C       D       E      F
               +-------+-------+-------+-------+-------+----------------------
         Total | 100.0 | 100.0 |   0.0 |   0.0 |  66.0 |  94.0
       Dungeon | 100.0 | 100.0 |   0.0 |   0.0 |  66.0 |  94.0
               +-------+-------+-------+-------+-------+----------------------

Table legend:
 A = Kills in this place as a percentage of kills in entire the game.
 B = Kills by you in this place as a percentage of kills by you in the entire game.
 C = Kills by friends in this place as a percentage of kills by friends in the entire game.
 D = Other kills in this place as a percentage of other kills in the entire game.
 E = Experience gained in this place as a percentage of experience gained in the entire game.
 F = Experience gained in this place divided by the number of levels of this place that you have seen.
                   A       B       C       D       E      F
               +-------+-------+-------+-------+-------+----------------------
         Total | 100.0 | 100.0 |   N/A |   N/A | 100.0 |   1.0
       Dungeon | 100.0 | 100.0 |   N/A |   N/A | 100.0 |   1.0
               +-------+-------+-------+-------+-------+----------------------
